 Dungeon Crawl Stone Soup version 0.31.0-1-g2c135a008e (webtiles) character file.

Game seed: 14657559753889128118

123 qw the Shooter (level 5, -6/40 HPs)
             Began as a Djinni Hunter on Jan 24, 2024.
             Mangled by an orc
             ... wielding a +0 mace
              (7 damage)
             ... on level 3 of the Dungeon.
             The game lasted 00:00:16 (1926 turns).

qw the Shooter (Djinni Hunter)                      Turns: 1926, Time: 00:00:17

Health: -6/40      AC:  4    Str: 10    XL:     5   Next: 29%
Gold:   113        EV: 13    Int: 10    God:
                   SH:  0    Dex: 19

rFire   + + .        a - +1 shortbow (heavy)
rCold   x . .        (shield currently unavailable)
rNeg    . . .        c - +0 leather armour
rPois   inf          (no helmet)
rElec   .            (no cloak)
rCorr   .            h - +0 pair of gloves
SInv    .            (boots unavailable)
Will    .....        (no amulet)
Stlth   ++           (no ring)
HPRegen 0.26/turn    (no ring)
MPRegen 0.00/turn

%: infuse magic (-7 HP)
@: flying
A: sickness immunity, fire resistance 2, cold vulnerability 1, float, innate
caster, HP casting, extra vitality 1
a: no special abilities


You were on level 3 of the Dungeon.
You visited 1 branch of the dungeon, and saw 3 of its levels.

You collected 113 gold pieces.


Innate Abilities, Weirdness & Mutations

You are immune to sickness and miasma.
You are immune to poison.
Your flesh is very heat resistant. (rF++)
You are vulnerable to cold. (rC-)
You float through the air rather than walking.
You learn spells naturally, not from books.
Your magical power is your life essence.
You have superior vitality. (+4 MHP)


   Skills:
 - Level 3.0 Fighting
 + Level 4.4 Ranged Weapons
 - Level 3.0 Dodging
 - Level 0.7 Stealth


You knew the following spells:

 Your Spells              Type           Power      Damage    Failure   Level
a - Magic Dart            Conj           0%         1d3       45%         1
b - Lesser Beckoning      Tloc           0%         N/A       61%         2
Your spell library was empty.

Inventory:

Hand Weapons
 a - a +1 heavy shortbow (weapon)
Armour
 c - a +0 leather armour (worn)
 h - a +0 pair of gloves (worn)
Potions
 b - a potion of berserk rage {unknown}
 d - a potion of resistance
 f - a potion of haste
 g - a potion of curing {unknown}
 l - a potion of heal wounds {unknown}

Dungeon Overview and Level Annotations

Branches:
Dungeon (3/15)

Altars:


Message History

The rat closely misses you. The rat barely misses you.
A ribbon worm comes into view.
You shoot an arrow. The arrow hits the orc!
You kill the orc!
The orc barely misses you. The rat closely misses you. x2
The ribbon worm closely misses you. The orc hits you with a +0 mace.
The rat barely misses you. The rat bites you but does no damage.
You shoot an arrow. The arrow hits the ribbon worm!
The ribbon worm is heavily wounded.
The ribbon worm expels a string of sticky webbing.
The stream of webbing hits you but does no damage.
You are caught in a web!
The orc hits you with a +0 mace.
The rat bites you but does no damage. x2; The ribbon worm bites you!
The web tears apart.
The rat closely misses you. The orc hits you with a +0 mace.
The rat closely misses you.
The ribbon worm bites you but does no damage.
You shoot an arrow. The arrow hits the ribbon worm!
The ribbon worm is almost dead.
The rat closely misses you. The orc barely misses you.
The rat barely misses you. The ribbon worm closely misses you.
The orc barely misses you. The rat bites you but does no damage.
The rat barely misses you.
You shoot an arrow. The arrow hits the ribbon worm.
You kill the ribbon worm!
The orc barely misses you. The rat barely misses you. x2
The orc completely misses you. The rat closely misses you.
The rat bites you but does no damage.
You shoot an arrow. The arrow hits the rat!
You kill the rat!
An orc comes into view. It is wielding a +0 club.
The rat misses you.
The orc jeers loudly.
The orc hits you with a +0 mace. x2; The rat closely misses you.
The ribbon worm expels a string of sticky webbing.
The stream of webbing hits you but does no damage.
You are caught in a web!
The web tears apart.
The orc hits you with a +0 mace!
You die...

*,* #######.########
*,* #######.########
*,* #######.########
*,* #######.########
*,* #######.########
***,* #######.########
,,,,* #######.#.....##
***** ######..)..%..##
#####....o@#...#****
######...r%)......,*
#######...###...##,*
#######.#.#=#.#.#*,**
####.....w#.#.....,,*
#.....#...o.....#.*,**
*.##....(##.##....,,,*
*,,..###.#...#.###,,,*
*,,*,*,,,,,,,,,,,*,*,*


You could see a ribbon worm (catching breath), 2 orcs and a rat.

Vanquished Creatures
  Jessica (D:2)
  Natasha (D:2)
  A gnoll (D:1)
  3 ribbon worms
  A dart slug (D:2)
  An orc (D:3)
  6 ball pythons
  2 endoplasms (D:1)
  A giant cockroach (D:1)
  4 goblins
  4 hobgoblins
  7 jackals
  3 kobolds
  3 quokkas (D:1)
  3 bats (D:1)
  6 frilled lizards
  5 rats
52 creatures vanquished.

Notes
Turn   | Place    | Note
-------+----------+-------------------------------------------
     0 | D:1      | qw the Djinni Hunter began the quest for the Orb.
     0 | D:1      | Reached XP level 1. HP: 18/18 MP: 0/0
     0 | D:1      | 0 ||| qw: Version: 0.3-a-136-gdd3b4e8
     0 | D:1      | 0 ||| qw: Game counter: 1404
     0 | D:1      | 0 ||| qw: Melee chars always use a shield: true
     0 | D:1      | 0 ||| qw: God list: Okawaru
     0 | D:1      | 0 ||| qw: Allow faded altars: false
     0 | D:1      | 0 ||| qw: Do Orc after clearing Dungeon:15 true
     0 | D:1      | 0 ||| qw: Do second Lair branch before Depths: true
     0 | D:1      | 0 ||| qw: Lair rune preference: random
     0 | D:1      | 0 ||| qw: Goals: Normal
     0 | D:1      | 0 ||| PLANNING D:1-11
    73 | D:1      | Reached XP level 2. HP: 23/23 MP: 0/0
   150 | D:1      | You are sucked into a shaft and drop 1 floor!
   171 | D:2      | Reached XP level 3. HP: 28/28 MP: 0/0
   171 | D:2      | Learned a level 1 spell: Magic Dart
   188 | D:2      | Reached skill level 4 in Ranged Weapons
   204 | D:2      | Noticed Jessica
   210 | D:2      | Killed Jessica
   211 | D:2      | Reached skill level 3 in Fighting
   211 | D:2      | Reached XP level 4. HP: 15/35 MP: 0/0
   420 | D:2      | 420 ||| UPGRADING to +0 pair of gloves.
   425 | D:2      | 425 ||| READING scroll labelled EXAGEDDAJI.
   425 | D:2      | 425 ||| ENCHANTING +0 shortbow.
   426 | D:2      | 426 ||| READING scroll labelled ACIUMI HOVARANGYME.
   527 | D:2      | 527 ||| READING scroll labelled WUYK PAOTZU.
   528 | D:2      | 528 ||| READING scroll labelled VEUKKI OTROIMU.
   529 | D:2      | 529 ||| READING scroll labelled BUXKAIMEGI.
   529 | D:2      | 529 ||| IDENTIFYING yellow potion
   530 | D:2      | 530 ||| DRINKING 2 coppery potions.
   531 | D:2      | 531 ||| DROPPING scroll of butterflies.
   532 | D:2      | 532 ||| DROPPING potion of degeneration.
   814 | D:1      | Reached skill level 3 in Dodging
   814 | D:1      | Found a faded altar of an unknown god.
   905 | D:1      | 905 ||| READING 3 scrolls of identify.
   905 | D:1      | 905 ||| IDENTIFYING gluggy blue potion
   906 | D:1      | 906 ||| READING 2 scrolls of identify.
   906 | D:1      | 906 ||| IDENTIFYING amethyst potion
   907 | D:1      | 907 ||| READING scroll of identify.
   907 | D:1      | 907 ||| IDENTIFYING murky green potion
   908 | D:1      | 908 ||| DROPPING potion of brilliance.
   909 | D:1      | 909 ||| DROPPING potion of lignification.
  1408 | D:2      | Noticed Natasha
  1412 | D:2      | 1412 ||| RETREEEEATING.
  1413 | D:2      | 1413 ||| RETREEEEATING.
  1414 | D:2      | 1414 ||| RETREEEEATING.
  1415 | D:2      | 1415 ||| RETREEEEATING.
  1416 | D:2      | 1416 ||| RETREEEEATING.
  1417 | D:2      | 1417 ||| RETREEEEATING.
  1418 | D:2      | 1418 ||| RETREEEEATING.
  1419 | D:2      | 1419 ||| RETREEEEATING.
  1423 | D:2      | 1423 ||| RETREEEEATING.
  1424 | D:2      | 1424 ||| RETREEEEATING.
  1425 | D:2      | 1425 ||| RETREEEEATING.
  1426 | D:2      | 1426 ||| RETREEEEATING.
  1428 | D:2      | 1428 ||| RETREEEEATING.
  1432 | D:2      | Killed Natasha
  1433 | D:2      | Reached XP level 5. HP: 13/40 MP: 0/0
  1433 | D:2      | Learned a level 2 spell: Lesser Beckoning
  1715 | D:2      | 1715 ||| READING scroll labelled VUERIL RAGH.
  1715 | D:2      | 1715 ||| BRANDING +1 shortbow.
  1716 | D:2      | 1716 ||| READING scroll labelled ICARAQ GEUHI.
  1905 | D:3      | 1905 ||| READING scroll labelled RIDILUGEZI.
  1921 | D:3      | HP: 8/40 [ribbon worm (7)]
  1925 | D:3      | HP: 3/40 [orc/+0 mace (3)]
  1925 | D:3      | HP: 1/40 [orc/+0 mace (2)]
  1926 | D:3      | Mangled by an orc

Levels and vault maps discovered:
D:1:      tekkud_arrival_beachfront_property, layout_rooms,
          shapermc_ecumenical_altar_notcrosses
D:2:      layout_basic, uniq_natasha, uniq_jessica
D:3:      layout_loops_ring, old_standard_altar,
          nicolae_overflow_ecumenical_swirl, minmay_fractal_squares_5

Skill      XL: |  1  2  3  4 |
---------------+-------------+-----
Ranged Weapons | 4 |  4.4
Fighting       | 3 |  3.0
Dodging        | 3 |  3.0
Stealth        | |  0.7

Action                     |  1- 3 |  4- 6 || total
---------------------------+-------+-------++-------
   Fire: Shortbow          |    53 |    87 ||   140
    Use: Scroll            |       |    11 ||    11
         Potion            |       |     1 ||     1
 Armour: Leather armour    |     4 |    48 ||    52
  Dodge: Dodged            |    19 |    69 ||    88

Table legend:
 A = Non-vault XP
 B = Vault XP
 C = Vault XP percentage of total XP
 D = Non-vault monster count
 E = Vault monster count
 F = Vault count percentage of total count
                 A         B        C        D         E       F
            +---------+---------+-------+---------+---------+-------
      Total |      94 |      83 |  46.9 |      46 |       6 |  11.5
            +---------+---------+-------+---------+---------+-------
        D:1 |      54 |       0 |   0.0 |      26 |       0 |   0.0
        D:2 |      36 |      73 |  67.0 |      19 |       2 |   9.5
        D:3 |       4 |      10 |  71.4 |       1 |       4 |  80.0
            +---------+---------+-------+---------+---------+-------
